AoeStats
← 沙正街小霸王

Oasis

509593217Analyzed
3v3 RM · 4d ago on Sep 27, 2026· 30m 1s· 6 players
Game mode
Random Map
Map size
Normal (6 player)
Population
200
Speed
Normal
Resources
Standard
Victory
Conquest
Starting age
Dark Age
Ending age
Imperial Age
RankedLock teamsTeams togetherTeam positionsShared explorationLock speedFull tech treeHidden civsTurbo modeCheats
Victory
Defeat
🇨🇳 Franks · China
970
+15
🇨🇳 Maya · China
955
+16
🇨🇳 Magyars · China
948
+16
🇲🇾 Koreans · Malaysia
985
-16
🇩🇪 Britons · Germany
951
-16
🇩🇪 Cumans · Germany
924
-15
Xcw
0:26 Loom
9:36 Feudal Age
10:44 Double-Bit Axe
14:40 Fletching
20:56 Castle Age
18:53 Horse Collar
21:09 Padded Archer Armor
20:57 Crossbowman
21:41 Bodkin Arrow
26:10 Leather Archer Armor
28:06 Town Watch
28:57 Wheelbarrow
把人生埋在四季
12:12 Feudal Age
15:57 Castle Age
15:20 Double-Bit Axe
15:17 Horse Collar
19:53 Bloodlines
20:03 Heavy Plow
21:38 Husbandry
27:15 Gold Mining
29:32 Wheelbarrow
沙正街小霸王
10:49 Feudal Age
9:07 Loom
10:53 Feudal Age
11:54 Double-Bit Axe
18:22 Castle Age
17:18 Forging
18:21 Scale Barding Armor
19:04 Gold Mining
21:06 Gold Shaft Mining
25:57 Iron Casting
27:38 Wheelbarrow
27:28 Husbandry
28:24 Chain Barding Armor
29:10 Bow Saw
30:11 Hand Cart
30:28 Fervor
TBAALB
12:14 Feudal Age
13:18 Double-Bit Axe
13:58 Scale Barding Armor
14:04 Forging
15:00 Bloodlines
22:36 Gold Mining
25:43 Castle Age
23:49 Loom
25:08 Wheelbarrow
27:36 Hand Cart
28:03 Iron Casting
29:40 Gold Shaft Mining
HyWii
10:30 Feudal Age
12:04 Double-Bit Axe
13:35 Loom
15:36 Fletching
24:52 Castle Age
23:39 Padded Archer Armor
23:33 Gold Mining
24:28 Horse Collar
24:56 Crossbowman
26:12 Bow Saw
26:23 Bodkin Arrow
说中文
Connection lost

Rejoining the realm…

Still unreachable

The connection could not be restored.

Session expired

The server has moved on; the page needs a fresh start.